 Dungeon Crawl Stone Soup version 0.29-a0-2-g12fcac58f8 (webtiles) character file.

Game seed: 4259840454556272699

68 lonewolfV2 the Skirmisher (level 4, 0/35 HPs)
             Began as a Demonspawn Fighter on Jan 26, 2022.
             Slain by Pargi (6 damage)
             ... on level 3 of the Dungeon.
             The game lasted 00:01:44 (1893 turns).

lonewolfV2 the Skirmisher (Demonspawn Fighter)      Turns: 1893, Time: 00:01:45

Health: 0/35       AC:  8    Str: 18    XL:     4   Next: 1%
Magic:  4/4        EV:  9    Int:  9    God:
Gold:   82         SH:  4    Dex: 13    Spells: 3/3 levels left

rFire   . . .      SeeInvis .   a - +0 war axe
rCold   . . .      Faith    .   c - +0 buckler
rNeg    . . .      Spirit   .   b - +0 scale mail
rPois   .          Reflect  .   (no helmet)
rElec   .          Harm     .   (no cloak)
rCorr   .          Rampage  .   (no gloves)
Will    .....                   (no boots)
Stlth   ..........              (no amulet)
HPRegen 0.11/turn               (no ring)
MPRegen 0.09/turn               (no ring)

@: mighty, hasted, very quick
A: claws 1, yellow scales 1
a: no special abilities


You were on level 3 of the Dungeon.
You visited 1 branch of the dungeon, and saw 3 of its levels.

You collected 82 gold pieces.

Inventory:

Hand Weapons
 a - a +0 war axe (weapon)
Armour
 b - a +0 scale mail (worn)
 c - a +0 buckler (worn)
Potions
 d - 2 potions of might
 f - a potion of resistance
 g - 2 potions of attraction
 l - 2 potions of degeneration


   Skills:
 + Level 3.4 Fighting
 + Level 2.5 Axes
 + Level 3.0 Armour
 + Level 1.1 Dodging
 + Level 3.0 Shields


You had 3 spell levels left.
You didn't know any spells.
Your spell library contained the following spells:

 Spells                   Type           Power      Damage    Failure   Level
 Animate Skeleton         Necr           0%         N/A       86%         1
 Beastly Appendage        Tmut           0%         N/A       86%         1
 Pain                     Necr           0%         1d4       86%         1
 Corpse Rot               Necr/Air       0%         N/A       94%         2
 Poisonous Vapours        Pois/Air       0%         N/A       94%         2
 Wereblood                Tmut           0%         N/A       94%         2
 Ozocubu's Armour         Ice            0%         N/A       99%         3
 Spider Form              Tmut/Pois      0%         N/A       99%         3
 Vampiric Draining        Necr           0%         2d6       99%         3
 Anguish                  Hex/Necr       0%         N/A       100%        4
 Excruciating Wounds      Necr           0%         N/A       100%        5
 Metabolic Englaciation   Hex/Ice        0%         N/A       100%        5
 Simulacrum               Ice/Necr       0%         N/A       100%        6


Dungeon Overview and Level Annotations

Branches:
Dungeon (3/15)

Altars:

Annotations:
D:3 Pargi


Innate Abilities, Weirdness & Mutations

You have sharp fingernails.
You are partially covered in yellow scales. (AC +2)


Message History

You block Pargi's attack. Pargi barely misses you. Pargi completely misses you.
You closely miss Pargi.
Pargi is lightly wounded.
You closely miss the goblin. The goblin hits you with a +0 club.
Pargi bites you but does no damage. Pargi closely misses you.
Pargi completely misses you. The goblin misses you. Pargi closely misses you.
You block Pargi's attack. Pargi claws you but does no damage.
You slash Pargi!
Pargi is heavily wounded.
You barely miss the goblin. You completely miss the endoplasm.
The goblin closely misses you.
The endoplasm hits you but does no damage.
Pargi barely misses you. Pargi claws you. Pargi claws you but does no damage.
You barely miss Pargi.
Pargi is heavily wounded.
You slash the endoplasm!
You kill the endoplasm!
You closely miss the goblin. You block the goblin's attack. Pargi bites you.
* * * LOW HITPOINT WARNING * * *
Pargi completely misses you. Pargi claws you but does no damage.
The goblin closely misses you.
You have reached level 4!
You feel agile.
Your demonic ancestry asserts itself...
Your fingernails lengthen.
It was a potion of curing.
You feel better. Pargi closely misses you. Pargi barely misses you.
Pargi claws you. You block the goblin's attack.
It was a potion of haste.
You feel yourself speed up. Pargi bites you.
* * * LOW HITPOINT WARNING * * *
Pargi claws you but does no damage. Pargi claws you.
* * * LOW HITPOINT WARNING * * *
The goblin closely misses you.
You feel very mighty all of a sudden. You block Pargi's attack.
Pargi claws you but does no damage. You block Pargi's attack.
You barely miss Pargi.
Pargi is moderately wounded.
You hit the goblin.
You kill the goblin!
Pargi bites you.
You die...

#.. $. #.[ .. ...
#.. ... ...# #.#
...# #...####.#
#.#.#
#...<.##.##.....
#.$........#
##....)@T!..#
#.......)...#
#.##...........##
#...............#
#.###†<.........#
#.............
###.##########
#.# #.#


You could see Pargi.

Vanquished Creatures
  Robin (D:2)
  2 adders
  2 worms (D:2)
  A dart slug (D:1)
  3 bats
  2 endoplasms
  12 goblins
  3 hobgoblins
  A quokka (D:1)
  A frilled lizard (D:2)
  3 kobolds (D:2)
  2 rats
33 creatures vanquished.

Notes
Turn   | Place    | Note
-------+----------+-------------------------------------------
     0 | D:1      | lonewolfV2 the Demonspawn Fighter began the quest for the
                  | Orb.
     0 | D:1      | Reached XP level 1. HP: 18/18 MP: 1/1
     7 | D:1      | Got the Compendium of Dark Rituals
   142 | D:1      | Gained mutation: You are partially covered in yellow
                  | scales. (AC +2) [demonic ancestry]
   142 | D:1      | Reached XP level 2. HP: 24/24 MP: 2/2
   154 | D:1      | You fall into a shaft and drop 1 floor!
   320 | D:2      | Noticed Robin
   336 | D:2      | Killed Robin
   337 | D:2      | Reached XP level 3. HP: 5/29 MP: 3/3
   342 | D:2      | Found a faded altar of an unknown god.
  1087 | D:2      | Reached skill level 1 in Dodging
  1874 | D:3      | Noticed Pargi
  1890 | D:3      | Gained mutation: You have sharp fingernails. [demonic
                  | ancestry]
  1890 | D:3      | Reached XP level 4. HP: 8/35 MP: 4/4
  1893 | D:3      | Slain by Pargi

Illustrated notes

Levels and vault maps discovered:
D:1:      roderic_chinese_lattice_arrival, layout_loops_ring
D:2:      minmay_wonky_spiral, layout_rooms,
          ebering_ecumenical_altar_sacrificial, uniq_robin
D:3:      minmay_octagon_keep, layout_rooms, tgw_xom, serial_bayou_pond_e,
          uniq_terence, uniq_pargi

Skill      XL: |  1  2  3 |
---------------+----------+-----
Axes           | 2 |  2.5
Shields        | 3 |  3.0
Armour         | 3 |  3.0
Dodging        | 1 |  1.1
Fighting       | |  3.4

Action                   |  1- 3 |  4- 6 || total
-------------------------+-------+-------++-------
Melee: War axe           |    79 |     1 ||    80
  Use: Scroll            |     5 |       ||     5
       Potion            |       |     3 ||     3
Armor: Scale mail        |    96 |     2 ||    98
Dodge: Dodged            |    80 |     3 ||    83
Block: Buckler           |    37 |     3 ||    40

Table legend: (Time is in decaauts)
 A = Elapsed time spent in this place.
 B = Non-inter-level travel time spent in this place.
 C = Inter-level travel time spent in this place.
 D = Time resting spent in this place.
 E = Time spent auto-exploring this place.
 F = Levels seen in this place.
 G = Mean time per level.
                   A        B        C        D        E       F      G
               +--------+--------+--------+--------+--------+-----+--------+
         Total |   1926 |   1913 |     13 |   1009 |    633 |   3 |  642.0 |
       Dungeon |   1926 |   1913 |     13 |   1009 |    633 |   3 |  642.0 |
               +--------+--------+--------+--------+--------+-----+--------+

Top non-repeatable levels by time:
     D:2: 1634 daAuts
     D:1: 161 daAuts
     D:3: 130 daAuts
